 Dungeon Crawl Stone Soup version 0.28.0-43-g3370ac3207 (webtiles) character file.

Game seed: 14468528960879232339

112 spiecas the Poker (level 4, 0/34 HPs)
             Began as a Merfolk Gladiator on Mar 3, 2022.
             Slain by Terence
             ... wielding a +6 short sword of holy wrath
              (11 damage)
             ... on level 2 of the Dungeon.
             The game lasted 00:07:16 (2068 turns).

spiecas the Poker (Merfolk Gladiator)               Turns: 2068, Time: 00:07:16

Health: 0/34       AC:  4    Str: 12 (14) XL:     4   Next: 93%
Magic:  4/4        EV: 13    Int:  4 (7)  God:
Gold:   35         SH:  0    Dex: 14 (17) Spells: 3/3 levels left

rFire   . . .      SeeInvis .   a - +1 trident
rCold   . . .      Faith    .   (no shield)
rNeg    . . .      Spirit   .   b - +0 leather armour
rPois   .          Reflect  .   c - +0 helmet
rElec   .          Harm     .   (no cloak)
rCorr   .          Rampage  .   (no gloves)
Will    .....                   (no boots)
Stlth   +.........              (no amulet)
HPRegen 0.11/turn               (no ring)
MPRegen 0.09/turn               (no ring)

@: mighty
A: (nimble swimmer 2), mertail
a: no special abilities


You were on level 2 of the Dungeon.
You visited 1 branch of the dungeon, and saw 2 of its levels.

You collected 35 gold pieces.

Inventory:

Hand Weapons
 a - a +1 trident (weapon)
 e - a +2 spear of venom
Missiles
 d - 3 throwing nets (quivered)
Armour
 b - a +0 leather armour (worn)
 c - a +0 helmet (worn)
Scrolls
 f - a scroll of identify
Potions
 l - a potion of ambrosia {unknown}


   Skills:
 + Level 2.9 Fighting
 + Level 6.2 Polearms
 + Level 2.0 Throwing
 + Level 0.8 Armour
 + Level 5.0 Dodging
 + Level 0.1 Stealth


You had 3 spell levels left.
You didn't know any spells.
Your spell library contained the following spells:

 Spells                   Type           Power      Damage    Failure   Level
 Gell's Gravitas          Tloc           0%         N/A       91%         3
 Lesser Beckoning         Tloc           0%         N/A       91%         3
 Teleport Other           Tloc           0%         N/A       91%         3


Dungeon Overview and Level Annotations

Branches:
Dungeon (2/15)

Altars:

Annotations:
D:2 1 runed translucent door, Crazy Yiuf, Terence


Innate Abilities, Weirdness & Mutations

((You are very nimble when in or above water. (Stealth+, EV+, Speed+++)))
Your lower body shifts to a powerful aquatic tail in water.


Message History

The adder bites you.
You are poisoned.
The adder poisons you!
Your Dodging skill increases to level 5!
You feel sick. The adder barely misses you.
You see here a worm corpse.
You feel sick.
An adder is nearby!
An adder is nearby!
You puncture the adder!
The adder is almost dead.
You feel sick. The adder bites you.
You feel sick.
You feel sick. The adder misses you.
Unknown command.
Unknown command.
You hit the adder.
You kill the adder!
You feel sick.
You feel sick.
You are no longer poisoned.
You see here a worm corpse.
It was a potion of might.
You feel very mighty all of a sudden.
You puncture Terence!
Terence is heavily wounded.
Terence closely misses you.
You hit Terence.
Terence is heavily wounded.
Terence hits you with a +6 short sword of holy wrath.
You hit Terence.
Terence is almost dead.
Terence hits you with a +6 short sword of holy wrath!
You barely miss Terence.
Terence is almost dead.
Terence hits you with a +6 short sword of holy wrath!
You hit Terence but do no damage.
Terence is almost dead.
Terence hits you with a +6 short sword of holy wrath!
You die...

#......###...##.#.# ##.##.#.
#..#####...# #..##†##.# #.##.#.
...........# #..#.###.# #..#.##
.....####..#
#..##_##.######.#.##
...........#
#...##.#.#.......... .
.....##.## #.##.##............
.#...##.#####.#.##..#.#####..##
............#@##.#..#.# ##.##
###.###.###.#.@#.#..#.# #..#
........###.#(......#.######..#
.##.........#..................
###.....................##...
..............##.....(..(##.#.
####..........##.........##.#.
#################.###.##.## #.#
#.##.# ####### #.###.##.#


You could see Terence.

Vanquished Creatures
  4 gnolls (D:2)
  2 adders (D:2)
  A worm (D:2)
  A dart slug (D:1)
  3 bats (D:1)
  9 endoplasms
  3 giant cockroaches
  3 goblins
  3 hobgoblins
  4 jackals (D:2)
  A kobold (D:1)
  2 quokkas
  5 ball pythons
  3 frilled lizards
  4 rats (D:1)
48 creatures vanquished.

Notes
Turn   | Place    | Note
-------+----------+-------------------------------------------
     0 | D:1      | spiecas the Merfolk Gladiator began the quest for the Orb.
     0 | D:1      | Reached XP level 1. HP: 16/16 MP: 1/1
   152 | D:1      | Reached XP level 2. HP: 22/22 MP: 2/2
   306 | D:1      | Reached skill level 5 in Polearms
   309 | D:1      | HP: 1/23 [rat (2)]
   686 | D:1      | Reached XP level 3. HP: 28/28 MP: 3/3
  1223 | D:2      | Found a runed translucent door.
  1224 | D:2      | Noticed Crazy Yiuf
  1370 | D:2      | Noticed Terence
  1490 | D:2      | Reached XP level 4. HP: 18/34 MP: 4/4
  1499 | D:2      | Reached skill level 6 in Polearms
  1862 | D:2      | Found a faded altar of an unknown god.
  1885 | D:2      | Reached skill level 5 in Dodging
  2068 | D:2      | Slain by Terence

Illustrated notes

Levels and vault maps discovered:
D:1:      lemuel_arrival_cross, layout_basic
D:2:      layout_basic, chequers_ecumenical_altar_twisty,
          uniq_crazy_yiuf_cottage, uniq_terence

Skill      XL: |  1  2  3  4 |
---------------+-------------+-----
Polearms       | 5 6 |  6.2
Dodging        | 5 |  5.0
Fighting       | |  2.9
Throwing       | |  2.0
Armour         | |  0.8
Stealth        | |  0.1

Action                   |  1- 3 |  4- 6 || total
-------------------------+-------+-------++-------
Melee: Trident           |   128 |    48 ||   176
       Punch             |     2 |       ||     2
  Use: Scroll            |     3 |       ||     3
       Potion            |       |     6 ||     6
 Stab: Sleeping          |     1 |     1 ||     2
       Distracted        |       |     1 ||     1
Armor: Leather armour    |    37 |     4 ||    41
Dodge: Dodged            |    89 |    30 ||   119
